ST. LOUIS Blues vs NEW YORK Rangers

Created - 3 avril 2024 at 14:29

Goals
1 2 3 T
ST. LOUIS Blues 0 1 2 3
NEW YORK Rangers 1 1 2 4
Shots
1 2 3 T
ST. LOUIS Blues 6 7 12 25
NEW YORK Rangers 8 7 8 23

1st period

1. NEW YORK Rangers , Jared Spurgeon 21 (Jamie Benn 52, Justin Faulk 43) at 3:37

Penalties :
Roope Hintz (STL) for Roughing (Double Minor) at 5:04, Andrew Copp (NYR) for Hooking (Minor) at 11:48, Chris Kreider (NYR) for High sticking (Minor) at 16:06, Kirill Marchenko (NYR) for Tripping (Minor) at 18:54

2nd period

2. NEW YORK Rangers , Chris Kreider 36 (Jamie Benn 53, Justin Faulk 44) at 0:45 (SH)
3. ST. LOUIS Blues , Erik Haula 19 (Marcus Johansson 10, Colin Miller 13) at 11:28

Penalties :
Chris Kreider (NYR) for Roughing (Minor) at 11:36, Colin Miller (STL) for Roughing (Minor) at 19:42

3rd period

4. NEW YORK Rangers , Ryan Lomberg 5 (Casey Cizikas 5, Dante Fabbro 15) at 2:13
5. ST. LOUIS Blues , Marcus Johansson 8 (Brandon Tanev 14, Erik Gustafsson 26) at 3:44
6. NEW YORK Rangers , Justin Faulk 16 (Jamie Benn 54, Jared Spurgeon 47) at 11:10
7. ST. LOUIS Blues , Gustav Forsling 19 (Jack Roslovic 22, Evgeny Kuznetsov 28) at 13:37 (PP)

Penalties :
Brayden Schenn (NYR) for High sticking (Minor) at 5:42, Linus Ullmark (NYR) for Delaying the game (Minor) at 12:47 - Jamie Benn served the penalty.

Goalie Stats

Filip Gustavsson (STL), 19 saves from 23 shots - (0,826), L, 33-25-3, 59:34 minutes
Linus Ullmark (NYR), 22 saves from 25 shots - (0,880), W, 42-15-5, 60:00 minutes

Players Stats for ST. LOUIS Blues

Player Name              G  A  P  +/- PIM S  H  SB GA TA FO     MP     PP MP  PK MP  
------------------------------------------------------------------------------------
Brandon Tanev            0  1  1   1  0   0  4  0  0  0  0/1    13:15   0:00   0:00 
Calle Jarnkrok           0  0  0  -1  0   0  2  1  0  0  0/0    12:23   0:00   0:40 
Colin Miller             0  1  1   0  2   0  1  1  0  0  0/0    17:39   5:01   0:00 
Damon Severson           0  0  0  -1  0   2  2  1  0  0  0/0    21:52   5:01   2:45 
Erik Brannstrom          0  0  0   0  0   0  0  0  0  0  0/0     0:00   0:00   0:00 
Erik Gustafsson          0  1  1   0  0   0  0  1  0  0  0/0    14:06   0:00   0:00 
Erik Haula               1  0  1   1  0   2  4  0  0  0  7/13   19:19   4:43   2:09 
Erik Karlsson            0  0  0  -2  0   2  1  2  0  0  0/0    25:29   5:44   3:13 
Evgeny Kuznetsov         0  1  1  -2  0   2  2  0  0  0  9/20   21:37   6:02   1:54 
Gustav Forsling          1  0  1  -2  0   3  0  1  0  0  0/0    25:29   5:44   3:13 
Jack Roslovic            0  1  1  -2  0   2  1  0  0  0  4/5    19:38   6:02   1:53 
Jonathan Marchessault    0  0  0  -1  0   4  1  1  0  0  0/0    22:48   4:43   3:49 
Kevin Labanc             0  0  0   0  0   0  0  0  0  0  0/0     4:51   0:00   0:00 
Marcus Johansson         1  1  2   1  0   3  0  0  0  0  0/0    12:27   0:00   0:00 
Oliver Bjorkstrand       0  0  0  -2  0   2  3  0  0  0  1/3    20:18   6:02   0:00 
Oscar Klefbom            0  0  0   1  0   0  0  0  0  0  0/0    15:24   0:00   2:45 
Robby Fabbri             0  0  0   0  0   0  0  0  0  0  2/4     4:51   0:00   0:00 
Roope Hintz              0  0  0  -1  4   3  2  0  0  0  12/25  22:34   4:43   1:31 

Players Stats for NEW YORK Rangers

Player Name              G  A  P  +/- PIM S  H  SB GA TA FO     MP     PP MP  PK MP  
------------------------------------------------------------------------------------
Andrew Copp              0  0  0   0  2   3  1  0  0  0  5/11   14:23   2:38   0:23 
Brayden Schenn           0  0  0  -2  2   0  2  1  0  0  12/20  20:38   3:20   3:38 
Cam Fowler               0  0  0  -1  0   0  0  0  0  0  0/0    22:17   3:03   5:17 
Casey Cizikas            0  1  1   1  0   0  0  0  0  0  1/1     4:41   0:00   0:00 
Chris Kreider            1  0  1   3  4   2  1  0  0  0  0/0    21:23   2:38   4:28 
Conor Garland            0  0  0  -2  0   2  0  0  0  0  0/0    13:41   0:00   0:00 
Dante Fabbro             0  1  1   1  0   0  3  0  0  0  0/0    13:36   0:00   0:00 
Jacob Middleton          0  0  0   1  0   0  2  1  0  0  0/0    13:36   0:00   0:00 
Jamie Benn               0  3  3   3  0   0  1  0  0  0  16/33  23:50   2:38   6:53 
Jared Spurgeon           1  1  2   2  0   6  0  2  0  0  0/0    24:07   2:55   5:28 
Justin Faulk             1  2  3   2  0   5  3  1  0  0  0/0    24:07   2:55   5:28 
Kasperi Kapanen          0  0  0   0  0   1  1  0  0  0  0/0    13:56   3:20   0:00 
Kirill Marchenko         0  0  0   0  2   0  0  0  0  0  0/0    10:35   0:00   0:00 
Mats Zuccarello          0  0  0   2  0   0  1  0  0  0  2/3    13:44   0:00   0:12 
Ryan Lomberg             1  0  1   1  0   1  0  0  0  0  0/0     4:41   0:00   0:00 
Timo Meier               0  0  0  -2  0   2  0  0  0  0  0/0    19:28   3:20   2:27 
Tyler Myers              0  0  0  -1  0   1  3  0  0  0  0/0    22:17   3:03   5:17 
Vladislav Namestnikov    0  0  0   1  0   0  0  0  0  0  0/3     8:10   0:00   3:29 

3 Stars

1 - Justin Faulk (NYR)
2 - Jamie Benn (NYR)
3 - Jared Spurgeon (NYR)

Power Play

ST. LOUIS Blues - 1 on 6 Attempt(s) - 16,67%
NEW YORK Rangers - 0 on 3 Attempt(s) - 0,00%

Penalty Kill

ST. LOUIS Blues - 3 on 3 Attempt(s) - 100,00% - Score 0 goal in Penalty Kill
NEW YORK Rangers - 5 on 6 Attempt(s) - 83,33% - Score 1 goal in Penalty Kill

Team Stat

ST. LOUIS Blues - Hits : 23 - Faceoff Wins : 35 - Blocked Shots : 8 - Penalty Minutes : 6
NEW YORK Rangers - Hits : 18 - Faceoff Wins : 36 - Blocked Shots : 5 - Penalty Minutes : 12

Official

Referees : Jordan Samuels-Thomas and Justin St. Pierre
Linesman : Kirsten Welsh and Ryan Galloway

Game Notes

No Game Note

Finance

Level 1 -- Attendance: 4924 (82,07%) -- Ticket Income $492,400
Level 2 -- Attendance: 3818 (76,36%) -- Ticket Income $229,080
Level 3 -- Attendance: 1832 (91,60%) -- Ticket Income $64,120
Level 4 -- Attendance: 4000 (100,00%) -- Ticket Income $80,000
Luxury Box -- Attendance: 840 (84,00%) -- Ticket Income $168,000
Game was played at the Madison Square Garden.
Total Attendance: 15414 (85,63%)
Total Ticket Income: $1,033,600
Other Income: $258,400
Total Income: $1,292,000

ST. LOUIS Blues

5 vs 5 Forward 
   Center                   Left Wing                Right Wing               Time % Phy DF OF 
 1 Evgeny Kuznetsov         Jonathan Marchessault    Oliver Bjorkstrand       35     1   2  2  
 2 Roope Hintz              Calle Jarnkrok           Jack Roslovic            35     1   2  2  
 3 Erik Haula               Brandon Tanev            Marcus Johansson         20     1   2  2  
 4 Robby Fabbri             Kevin Labanc             Roope Hintz              10     1   2  2  

5 vs 5 Defense 
   Defense                  Defense                                           Time % Phy DF OF 
 1 Erik Karlsson            Gustav Forsling                                   40     1   2  2  
 2 Damon Severson           Erik Gustafsson                                   30     1   2  2  
 3 Colin Miller             Oscar Klefbom                                     20     1   2  2  
 4 Gustav Forsling          Erik Karlsson                                     10     1   2  2  

PowerPlay Forward 
   Center                   Left Wing                Right Wing               Time % Phy DF OF 
 1 Roope Hintz              Jonathan Marchessault    Erik Haula               60     1   2  2  
 2 Evgeny Kuznetsov         Oliver Bjorkstrand       Jack Roslovic            40     1   2  2  

PowerPlay Defense
   Defense                  Defense                                           Time % Phy DF OF 
 1 Erik Karlsson            Gustav Forsling                                   60     1   2  2  
 2 Damon Severson           Colin Miller                                      40     1   2  2  

Penalty Kill 4 Players Forward 
   Center                   Wing                     Time % Phy DF OF 
 1 Roope Hintz              Jonathan Marchessault    60     1   2  2  
 2 Erik Haula               Evgeny Kuznetsov         40     1   2  2  

Penalty Kill 4 Players Defense
   Defense                  Defense                  Time % Phy DF OF 
 1 Erik Karlsson            Gustav Forsling          60     1   2  2  
 2 Damon Severson           Oscar Klefbom            40     1   2  2  

Penalty Kill - 3 Players Forward 
   Forward                                           Time % Phy DF OF 
 1 Roope Hintz                                       60     1   2  2  
 2 Jonathan Marchessault                             40     1   2  2  

Penalty Kill - 3 Players Defense
   Defense                  Defense                  Time % Phy DF OF 
 1 Erik Karlsson            Gustav Forsling          60     1   2  2  
 2 Damon Severson           Oscar Klefbom            40     1   2  2  

4 vs 4 Forward 
   Center                   Wing                     Time % Phy DF OF 
 1 Roope Hintz              Jonathan Marchessault    60     1   2  2  
 2 Erik Haula               Evgeny Kuznetsov         40     1   2  2  

4 vs 4 Defense
   Defense                  Defense                  Time % Phy DF OF 
 1 Erik Karlsson            Gustav Forsling          60     1   2  2  
 2 Damon Severson           Colin Miller             40     1   2  2  

Last Minutes Offensive
   Center                   Left Wing                Right Wing               Defense                  Defense                  
   Roope Hintz              Jonathan Marchessault    Oliver Bjorkstrand       Erik Karlsson            Gustav Forsling          

Last Minutes Defensive
   Center                   Left Wing                Right Wing               Defense                  Defense                  
   Roope Hintz              Jonathan Marchessault    Oliver Bjorkstrand       Erik Karlsson            Gustav Forsling          

Goaltenders
Starting : Filip Gustavsson         
Backup : Marc-Andre Fleury        

Extra Forwards
Normal : Evgeny Kuznetsov, Brandon Tanev, Jack Roslovic - PP : Evgeny Kuznetsov, Brandon Tanev - PK : Jack Roslovic
Extra Defensemen
Normal : Colin Miller, Oscar Klefbom, Gustav Forsling - PP : Colin Miller - PK : Oscar Klefbom, Erik Karlsson
Penalty Shots
Roope Hintz, Jonathan Marchessault, Erik Karlsson, Evgeny Kuznetsov, Gustav Forsling

Scratches
None

NEW YORK Rangers

5 vs 5 Forward 
   Center                   Left Wing                Right Wing               Time % Phy DF OF 
 1 Jamie Benn               Chris Kreider            Mats Zuccarello          40     1   2  2  
 2 Brayden Schenn           Timo Meier               Conor Garland            30     1   2  2  
 3 Andrew Copp              Kasperi Kapanen          Kirill Marchenko         20     1   3  1  
 4 Casey Cizikas            Ryan Lomberg             Vladislav Namestnikov    10     3   2  0  

5 vs 5 Defense 
   Defense                  Defense                                           Time % Phy DF OF 
 1 Jared Spurgeon           Justin Faulk                                      40     0   3  2  
 2 Cam Fowler               Tyler Myers                                       33     1   3  1  
 3 Jacob Middleton          Dante Fabbro                                      26     2   2  1  
 4 Jared Spurgeon           Justin Faulk                                      1      1   2  2  

PowerPlay Forward 
   Center                   Left Wing                Right Wing               Time % Phy DF OF 
 1 Jamie Benn               Chris Kreider            Andrew Copp              60     1   2  2  
 2 Brayden Schenn           Timo Meier               Kasperi Kapanen          40     1   2  2  

PowerPlay Defense
   Defense                  Defense                                           Time % Phy DF OF 
 1 Jared Spurgeon           Justin Faulk                                      60     1   2  2  
 2 Cam Fowler               Tyler Myers                                       40     1   2  2  

Penalty Kill 4 Players Forward 
   Center                   Wing                     Time % Phy DF OF 
 1 Jamie Benn               Chris Kreider            60     1   2  2  
 2 Brayden Schenn           Timo Meier               40     1   2  2  

Penalty Kill 4 Players Defense
   Defense                  Defense                  Time % Phy DF OF 
 1 Jared Spurgeon           Justin Faulk             60     1   2  2  
 2 Cam Fowler               Tyler Myers              40     1   2  2  

Penalty Kill - 3 Players Forward 
   Forward                                           Time % Phy DF OF 
 1 Jamie Benn                                        60     1   2  2  
 2 Brayden Schenn                                    40     1   2  2  

Penalty Kill - 3 Players Defense
   Defense                  Defense                  Time % Phy DF OF 
 1 Jared Spurgeon           Justin Faulk             60     1   2  2  
 2 Cam Fowler               Tyler Myers              40     1   2  2  

4 vs 4 Forward 
   Center                   Wing                     Time % Phy DF OF 
 1 Jamie Benn               Chris Kreider            60     1   2  2  
 2 Brayden Schenn           Timo Meier               40     1   2  2  

4 vs 4 Defense
   Defense                  Defense                  Time % Phy DF OF 
 1 Jared Spurgeon           Justin Faulk             60     1   2  2  
 2 Cam Fowler               Tyler Myers              40     1   2  2  

Last Minutes Offensive
   Center                   Left Wing                Right Wing               Defense                  Defense                  
   Jamie Benn               Chris Kreider            Andrew Copp              Jared Spurgeon           Justin Faulk             

Last Minutes Defensive
   Center                   Left Wing                Right Wing               Defense                  Defense                  
   Jamie Benn               Chris Kreider            Andrew Copp              Jared Spurgeon           Justin Faulk             

Goaltenders
Starting : Linus Ullmark            
Backup : Joonas Korpisalo         

Extra Forwards
Normal : Brayden Schenn, Andrew Copp, Conor Garland - PP : Brayden Schenn, Andrew Copp - PK : Brayden Schenn
Extra Defensemen
Normal : Tyler Myers, Jacob Middleton, Dante Fabbro - PP : Tyler Myers - PK : Tyler Myers, Jacob Middleton
Penalty Shots
Jamie Benn, Chris Kreider, Timo Meier, Mats Zuccarello, Brayden Schenn

Scratches
Mason Shaw (Healthy), Eric Comrie (Healthy)

% Time on Ice - ST. LOUIS Blues

Lines # - Real PCT - Wanted PCT - Time Play
Normal Forward
1 - 32% - 35% - 13:29
2 - 28% - 35% - 11:43
3 - 29% - 20% - 12:27
4 - 11% - 10% - 4:51
Normal Defense
1 - 36% - 40% - 15:22
2 - 33% - 30% - 14:06
3 - 30% - 20% - 12:39
4 - 1% - 10% - 0:23
PP Forward
1 - 44% - 60% - 4:43
2 - 56% - 40% - 6:02
PP Defense
1 - 53% - 60% - 5:44
2 - 47% - 40% - 5:01
PK Forward
1 - 75% - 60% - 4:30
2 - 25% - 40% - 1:28
PK Defense
1 - 54% - 60% - 3:13
2 - 46% - 40% - 2:45
PK3 Forward
1 - 0% - 60%
2 - 0% - 40%
PK3 Defense
1 - 0% - 60%
2 - 0% - 40%
44 Forward
1 - 0% - 60%
2 - 0% - 40%
44 Defense
1 - 0% - 60%
2 - 0% - 40%
Last Minute Offensive  - 0:47
Last Minute Defensive  - 0:00
Total
Forward - 60:00
Defense - 60:00

% Time on Ice - NEW YORK Rangers

Lines # - Real PCT - Wanted PCT - Time Play
Normal Forward
1 - 32% - 40% - 13:32
2 - 32% - 30% - 13:41
3 - 25% - 20% - 10:36
4 - 11% - 10% - 4:41
Normal Defense
1 - 35% - 40% - 14:57
2 - 33% - 33% - 13:57
3 - 32% - 26% - 13:36
4 - 0% - 1% - 0:00
PP Forward
1 - 44% - 60% - 2:38
2 - 56% - 40% - 3:20
PP Defense
1 - 49% - 60% - 2:55
2 - 51% - 40% - 3:03
PK Forward
1 - 77% - 60% - 8:18
2 - 23% - 40% - 2:27
PK Defense
1 - 51% - 60% - 5:28
2 - 49% - 40% - 5:17
PK3 Forward
1 - 0% - 60%
2 - 0% - 40%
PK3 Defense
1 - 0% - 60%
2 - 0% - 40%
44 Forward
1 - 0% - 60%
2 - 0% - 40%
44 Defense
1 - 0% - 60%
2 - 0% - 40%
Last Minute Offensive  - 0:00
Last Minute Defensive  - 0:47
Total
Forward - 60:00
Defense - 60:00

Play-by-Play

1st period


0:01 of 1st period - Jamie Benn wins face-off versus Evgeny Kuznetsov in neutral zone.
0:01 of 1st period - Justin Faulk is hit by Jonathan Marchessault and loses puck.
0:08 of 1st period - Shot by Chris Kreider.
0:08 of 1st period - Shot Misses the Net.
0:10 of 1st period - Shot by Mats Zuccarello.
0:10 of 1st period - Shot Misses the Net.
0:33 of 1st period - Icing by Gustav Forsling.
0:34 of 1st period - Brayden Schenn wins face-off versus Evgeny Kuznetsov in ST. LOUIS Blues zone.
0:42 of 1st period - Oliver Bjorkstrand is hit by Tyler Myers and loses puck.
0:48 of 1st period - Off-side.
0:49 of 1st period - Andrew Copp wins face-off versus Roope Hintz in neutral zone.
2:01 of 1st period - Conor Garland is hit by Roope Hintz and loses puck.
2:59 of 1st period - Off-side.
3:00 of 1st period - Mats Zuccarello wins face-off versus Oliver Bjorkstrand in neutral zone.
3:09 of 1st period - Shot by Jamie Benn.
3:09 of 1st period - Shot Misses the Net.
3:35 of 1st period - Shot by Jamie Benn.
3:35 of 1st period - Shot Misses the Net.
3:37 of 1st period - Shot by Jared Spurgeon.
3:37 of 1st period - Goal by Jared Spurgeon - ST. LOUIS Blues : 0 - NEW YORK Rangers : 1.
3:38 of 1st period - Erik Haula wins face-off versus Vladislav Namestnikov in neutral zone.
3:41 of 1st period - Vladislav Namestnikov is hit by Brandon Tanev and loses puck.
4:29 of 1st period - Icing by Oscar Klefbom.
4:30 of 1st period - Erik Haula wins face-off versus Mats Zuccarello in ST. LOUIS Blues zone.
5:04 of 1st period - Double Minor Penalty to Roope Hintz for Roughing.
5:05 of 1st period - Jack Roslovic wins face-off versus Brayden Schenn in ST. LOUIS Blues zone.
5:41 of 1st period - Shot by Kasperi Kapanen.
5:41 of 1st period - Stopped by Filip Gustavsson without a rebound.
5:42 of 1st period - Jack Roslovic wins face-off versus Jamie Benn in ST. LOUIS Blues zone.
6:01 of 1st period - Shot by Jared Spurgeon.
6:01 of 1st period - Shot Misses the Net.
6:03 of 1st period - Shot by Jared Spurgeon.
6:03 of 1st period - Stopped by Filip Gustavsson without a rebound.
6:04 of 1st period - Jack Roslovic wins face-off versus Brayden Schenn in ST. LOUIS Blues zone.
6:20 of 1st period - Shot by Tyler Myers.
6:20 of 1st period - Shot Blocked by Gustav Forsling.
6:22 of 1st period - Shot by Tyler Myers.
6:22 of 1st period - Shot Blocked by Erik Karlsson.
6:31 of 1st period - Icing by Tyler Myers.
6:32 of 1st period - Erik Haula wins face-off versus Brayden Schenn in NEW YORK Rangers zone.
7:17 of 1st period - Shot by Chris Kreider.
7:17 of 1st period - Shot Blocked by Erik Karlsson.
7:19 of 1st period - Shot by Justin Faulk.
7:19 of 1st period - Stopped by Filip Gustavsson without a rebound.
7:20 of 1st period - Jack Roslovic wins face-off versus Jamie Benn in ST. LOUIS Blues zone.
7:24 of 1st period - Gustav Forsling is hit by Justin Faulk.
7:38 of 1st period - Shot by Jamie Benn.
7:38 of 1st period - Shot Blocked by Calle Jarnkrok.
7:40 of 1st period - Shot by Justin Faulk.
7:40 of 1st period - Shot Misses the Net.
8:59 of 1st period - Shot by Justin Faulk.
8:59 of 1st period - Shot Blocked by Jonathan Marchessault.
9:01 of 1st period - Shot by Jared Spurgeon.
9:01 of 1st period - Stopped by Filip Gustavsson without a rebound.
9:02 of 1st period - Brayden Schenn wins face-off versus Erik Haula in ST. LOUIS Blues zone.
9:58 of 1st period - Icing by Oscar Klefbom.
9:59 of 1st period - Brayden Schenn wins face-off versus Brandon Tanev in ST. LOUIS Blues zone.
10:12 of 1st period - Shot by Brandon Tanev.
10:12 of 1st period - Shot Misses the Net.
10:28 of 1st period - Shot by Tyler Myers.
10:28 of 1st period - Stopped by Filip Gustavsson with a rebound.
10:30 of 1st period - Shot by Conor Garland.
10:30 of 1st period - Stopped by Filip Gustavsson without a rebound.
10:31 of 1st period - Jamie Benn wins face-off versus Evgeny Kuznetsov in ST. LOUIS Blues zone.
10:42 of 1st period - Shot by Jamie Benn.
10:42 of 1st period - Shot Misses the Net.
11:05 of 1st period - Erik Karlsson is hit by Justin Faulk and loses puck.
11:13 of 1st period - Oliver Bjorkstrand is hit by Justin Faulk and loses puck.
11:23 of 1st period - Icing by Jared Spurgeon.
11:24 of 1st period - Roope Hintz wins face-off versus Jamie Benn in NEW YORK Rangers zone.
11:48 of 1st period - Minor Penalty to Andrew Copp for Hooking.
11:49 of 1st period - Roope Hintz wins face-off versus Jamie Benn in NEW YORK Rangers zone.
12:21 of 1st period - Shot by Damon Severson.
12:21 of 1st period - Stopped by Linus Ullmark without a rebound.
12:22 of 1st period - Evgeny Kuznetsov wins face-off versus Jamie Benn in NEW YORK Rangers zone.
12:50 of 1st period - Icing by Jack Roslovic.
12:51 of 1st period - Evgeny Kuznetsov wins face-off versus Jamie Benn in ST. LOUIS Blues zone.
12:58 of 1st period - Justin Faulk is hit by Oliver Bjorkstrand.
13:05 of 1st period - Icing by Jack Roslovic.
13:06 of 1st period - Brayden Schenn wins face-off versus Jack Roslovic in ST. LOUIS Blues zone.
13:38 of 1st period - Shot by Jonathan Marchessault.
13:38 of 1st period - Shot Blocked by Jared Spurgeon.
14:11 of 1st period - Roope Hintz is hit by Dante Fabbro and loses puck.
14:27 of 1st period - Roope Hintz is hit by Dante Fabbro and loses puck.
15:04 of 1st period - Shot by Marcus Johansson.
15:04 of 1st period - Stopped by Linus Ullmark with a rebound.
15:15 of 1st period - Shot by Erik Haula.
15:15 of 1st period - Deflect By Brandon Tanev.
15:15 of 1st period - Shot Blocked by Jacob Middleton.
15:27 of 1st period - Erik Karlsson is hit by Andrew Copp and loses puck.
15:45 of 1st period - Erik Karlsson is hit by Brayden Schenn and loses puck.
15:52 of 1st period - Shot by Evgeny Kuznetsov.
15:52 of 1st period - Shot Misses the Net.
15:54 of 1st period - Shot by Oliver Bjorkstrand.
15:54 of 1st period - Shot Misses the Net.
15:56 of 1st period - Shot by Evgeny Kuznetsov.
15:56 of 1st period - Stopped by Linus Ullmark without a rebound.
15:57 of 1st period - Jamie Benn wins face-off versus Roope Hintz in NEW YORK Rangers zone.
16:06 of 1st period - Minor Penalty to Chris Kreider for High sticking.
16:07 of 1st period - Jamie Benn wins face-off versus Roope Hintz in NEW YORK Rangers zone.
16:07 of 1st period - Jamie Benn is hit by Erik Haula.
16:26 of 1st period - Shot by Gustav Forsling.
16:26 of 1st period - Shot Hit the Post.
16:28 of 1st period - Shot by Erik Haula.
16:28 of 1st period - Stopped by Linus Ullmark without a rebound.
16:29 of 1st period - Oliver Bjorkstrand wins face-off versus Jamie Benn in NEW YORK Rangers zone.
16:36 of 1st period - Shot by Oliver Bjorkstrand.
16:36 of 1st period - Shot Misses the Net.
17:21 of 1st period - Vladislav Namestnikov is hit by Evgeny Kuznetsov.
18:23 of 1st period - Off-side.
18:24 of 1st period - Andrew Copp wins face-off versus Robby Fabbri in neutral zone.
18:27 of 1st period - Shot by Justin Faulk.
18:27 of 1st period - Stopped by Filip Gustavsson with a rebound.
18:54 of 1st period - Minor Penalty to Kirill Marchenko for Tripping.
18:55 of 1st period - Jamie Benn wins face-off versus Evgeny Kuznetsov in NEW YORK Rangers zone.
19:38 of 1st period - Shot by Erik Karlsson.
19:38 of 1st period - Stopped by Linus Ullmark with a rebound.
19:40 of 1st period - Shot by Oliver Bjorkstrand.
19:40 of 1st period - Stopped by Linus Ullmark with a rebound.
Goals for this period are 0 for ST. LOUIS Blues vs 1 for NEW YORK Rangers.
Shots for this period are 6 for ST. LOUIS Blues vs 8 for NEW YORK Rangers.

2nd period


0:01 of 2nd period - Jamie Benn wins face-off versus Roope Hintz in neutral zone.
0:16 of 2nd period - Shot by Gustav Forsling.
0:16 of 2nd period - Shot Misses the Net.
0:18 of 2nd period - Shot by Gustav Forsling.
0:18 of 2nd period - Stopped by Linus Ullmark without a rebound.
0:19 of 2nd period - Evgeny Kuznetsov wins face-off versus Jamie Benn in NEW YORK Rangers zone.
0:19 of 2nd period - Oliver Bjorkstrand is hit by Tyler Myers and loses puck.
0:33 of 2nd period - Icing by Damon Severson.
0:34 of 2nd period - Jamie Benn wins face-off versus Evgeny Kuznetsov in ST. LOUIS Blues zone.
0:43 of 2nd period - Shot by Jamie Benn.
0:43 of 2nd period - Shot Misses the Net.
0:45 of 2nd period - Shot by Chris Kreider.
0:45 of 2nd period - Goal by Chris Kreider - ST. LOUIS Blues : 0 - NEW YORK Rangers : 2.
0:46 of 2nd period - Jamie Benn wins face-off versus Roope Hintz in neutral zone.
1:13 of 2nd period - Icing by Damon Severson.
1:14 of 2nd period - Jamie Benn wins face-off versus Roope Hintz in ST. LOUIS Blues zone.
1:33 of 2nd period - Shot by Chris Kreider.
1:33 of 2nd period - Shot Blocked by Erik Gustafsson.
1:36 of 2nd period - Mats Zuccarello is hit by Damon Severson and loses puck.
1:49 of 2nd period - Jared Spurgeon is hit by Roope Hintz and loses puck.
1:56 of 2nd period - Shot by Justin Faulk.
1:56 of 2nd period - Stopped by Filip Gustavsson without a rebound.
1:57 of 2nd period - Brayden Schenn wins face-off versus Evgeny Kuznetsov in ST. LOUIS Blues zone.
2:36 of 2nd period - Shot by Conor Garland.
2:36 of 2nd period - Shot Misses the Net.
2:59 of 2nd period - Icing by Andrew Copp.
3:00 of 2nd period - Erik Haula wins face-off versus Andrew Copp in NEW YORK Rangers zone.
3:04 of 2nd period - Icing by Jacob Middleton.
3:05 of 2nd period - Roope Hintz wins face-off versus Andrew Copp in NEW YORK Rangers zone.
3:38 of 2nd period - Shot by Jack Roslovic.
3:38 of 2nd period - Stopped by Linus Ullmark with a rebound.
3:40 of 2nd period - Shot by Damon Severson.
3:40 of 2nd period - Stopped by Linus Ullmark with a rebound.
3:42 of 2nd period - Shot by Jack Roslovic.
3:42 of 2nd period - Shot Misses the Net.
5:14 of 2nd period - Shot by Conor Garland.
5:14 of 2nd period - Shot Misses the Net.
6:38 of 2nd period - Shot by Casey Cizikas.
6:38 of 2nd period - Deflect By Vladislav Namestnikov.
6:38 of 2nd period - Shot Misses the Net.
6:47 of 2nd period - Icing by Erik Karlsson.
6:48 of 2nd period - Evgeny Kuznetsov wins face-off versus Jamie Benn in ST. LOUIS Blues zone.
7:32 of 2nd period - Jamie Benn is hit by Calle Jarnkrok and loses puck.
7:58 of 2nd period - Shot by Jack Roslovic.
7:58 of 2nd period - Shot Blocked by Jared Spurgeon.
8:00 of 2nd period - Shot by Damon Severson.
8:00 of 2nd period - Shot Misses the Net.
8:02 of 2nd period - Shot by Roope Hintz.
8:02 of 2nd period - Stopped by Linus Ullmark with a rebound.
8:22 of 2nd period - Icing by Kevin Labanc.
8:23 of 2nd period - Robby Fabbri wins face-off versus Brayden Schenn in ST. LOUIS Blues zone.
9:15 of 2nd period - Icing by Calle Jarnkrok.
9:16 of 2nd period - Andrew Copp wins face-off versus Roope Hintz in ST. LOUIS Blues zone.
9:36 of 2nd period - Jacob Middleton is hit by Damon Severson and loses puck.
10:17 of 2nd period - Shot by Casey Cizikas.
10:17 of 2nd period - Shot Blocked by Damon Severson.
11:22 of 2nd period - Shot by Brandon Tanev.
11:22 of 2nd period - Shot Misses the Net.
11:24 of 2nd period - Shot by Colin Miller.
11:24 of 2nd period - Shot Misses the Net.
11:26 of 2nd period - Shot by Marcus Johansson.
11:26 of 2nd period - Shot Hit the Post.
11:28 of 2nd period - Shot by Erik Haula.
11:28 of 2nd period - Goal by Erik Haula - ST. LOUIS Blues : 1 - NEW YORK Rangers : 2.
11:29 of 2nd period - Jamie Benn wins face-off versus Erik Haula in neutral zone.
11:29 of 2nd period - Chris Kreider is hit by Erik Haula.
11:36 of 2nd period - Minor Penalty to Chris Kreider for Roughing.
11:37 of 2nd period - Roope Hintz wins face-off versus Jamie Benn in NEW YORK Rangers zone.
11:40 of 2nd period - Shot by Gustav Forsling.
11:40 of 2nd period - Shot Blocked by Brayden Schenn.
11:50 of 2nd period - Shot by Gustav Forsling.
11:50 of 2nd period - Shot Misses the Net.
12:19 of 2nd period - Jared Spurgeon is hit by Jack Roslovic and loses puck.
12:32 of 2nd period - Shot by Damon Severson.
12:32 of 2nd period - Shot Misses the Net.
12:44 of 2nd period - Shot by Oliver Bjorkstrand.
12:44 of 2nd period - Deflect By Evgeny Kuznetsov.
12:44 of 2nd period - Stopped by Linus Ullmark without a rebound.
12:45 of 2nd period - Roope Hintz wins face-off versus Brayden Schenn in NEW YORK Rangers zone.
12:59 of 2nd period - Off-side.
13:00 of 2nd period - Evgeny Kuznetsov wins face-off versus Brayden Schenn in neutral zone.
13:03 of 2nd period - Brayden Schenn is hit by Evgeny Kuznetsov and loses puck.
13:15 of 2nd period - Icing by Damon Severson.
13:16 of 2nd period - Jamie Benn wins face-off versus Evgeny Kuznetsov in ST. LOUIS Blues zone.
13:44 of 2nd period - Kasperi Kapanen is hit by Erik Karlsson.
13:56 of 2nd period - Shot by Andrew Copp.
13:56 of 2nd period - Stopped by Filip Gustavsson without a rebound.
13:57 of 2nd period - Casey Cizikas wins face-off versus Robby Fabbri in ST. LOUIS Blues zone.
14:53 of 2nd period - Icing by Colin Miller.
14:54 of 2nd period - Evgeny Kuznetsov wins face-off versus Jamie Benn in ST. LOUIS Blues zone.
14:54 of 2nd period - Evgeny Kuznetsov is hit by Mats Zuccarello.
15:08 of 2nd period - Chris Kreider is hit by Oliver Bjorkstrand and loses puck.
16:01 of 2nd period - Erik Gustafsson is hit by Dante Fabbro.
16:11 of 2nd period - Shot by Timo Meier.
16:11 of 2nd period - Shot Misses the Net.
16:49 of 2nd period - Shot by Jared Spurgeon.
16:49 of 2nd period - Stopped by Filip Gustavsson without a rebound.
16:50 of 2nd period - Robby Fabbri wins face-off versus Andrew Copp in ST. LOUIS Blues zone.
17:55 of 2nd period - Shot by Evgeny Kuznetsov.
17:55 of 2nd period - Shot Misses the Net.
17:59 of 2nd period - Shot by Jonathan Marchessault.
17:59 of 2nd period - Stopped by Linus Ullmark without a rebound.
18:00 of 2nd period - Brayden Schenn wins face-off versus Erik Haula in NEW YORK Rangers zone.
18:37 of 2nd period - Shot by Timo Meier.
18:37 of 2nd period - Stopped by Filip Gustavsson with a rebound.
18:39 of 2nd period - Shot by Timo Meier.
18:39 of 2nd period - Stopped by Filip Gustavsson without a rebound.
18:40 of 2nd period - Jamie Benn wins face-off versus Oliver Bjorkstrand in ST. LOUIS Blues zone.
19:42 of 2nd period - Shot by Jared Spurgeon.
19:42 of 2nd period - Stopped by Filip Gustavsson without a rebound.
19:42 of 2nd period - Minor Penalty to Colin Miller for Roughing.
19:43 of 2nd period - Brayden Schenn wins face-off versus Roope Hintz in ST. LOUIS Blues zone.
Goals for this period are 1 for ST. LOUIS Blues vs 1 for NEW YORK Rangers.
Shots for this period are 7 for ST. LOUIS Blues vs 7 for NEW YORK Rangers.

3rd period


0:01 of 3rd period - Roope Hintz wins face-off versus Jamie Benn in neutral zone.
0:37 of 3rd period - Shot by Jared Spurgeon.
0:37 of 3rd period - Shot Misses the Net.
0:39 of 3rd period - Shot by Jared Spurgeon.
0:39 of 3rd period - Shot Misses the Net.
1:30 of 3rd period - Roope Hintz is hit by Tyler Myers and loses puck.
1:49 of 3rd period - Shot by Marcus Johansson.
1:49 of 3rd period - Shot Misses the Net.
2:11 of 3rd period - Shot by Ryan Lomberg.
2:11 of 3rd period - Deflect By Casey Cizikas.
2:11 of 3rd period - Shot Misses the Net.
2:13 of 3rd period - Shot by Ryan Lomberg.
2:13 of 3rd period - Goal by Ryan Lomberg - ST. LOUIS Blues : 1 - NEW YORK Rangers : 3.
2:14 of 3rd period - Mats Zuccarello wins face-off versus Roope Hintz in neutral zone.
3:10 of 3rd period - Shot by Jonathan Marchessault.
3:10 of 3rd period - Stopped by Linus Ullmark without a rebound.
3:11 of 3rd period - Erik Haula wins face-off versus Brayden Schenn in NEW YORK Rangers zone.
3:44 of 3rd period - Shot by Brandon Tanev.
3:44 of 3rd period - Deflect By Marcus Johansson.
3:44 of 3rd period - Goal by Marcus Johansson - ST. LOUIS Blues : 2 - NEW YORK Rangers : 3.
3:45 of 3rd period - Andrew Copp wins face-off versus Evgeny Kuznetsov in neutral zone.
3:50 of 3rd period - Shot by Andrew Copp.
3:50 of 3rd period - Stopped by Filip Gustavsson with a rebound.
5:02 of 3rd period - Shot by Chris Kreider.
5:02 of 3rd period - Deflect By Mats Zuccarello.
5:02 of 3rd period - Shot Misses the Net.
5:04 of 3rd period - Shot by Justin Faulk.
5:04 of 3rd period - Stopped by Filip Gustavsson without a rebound.
5:05 of 3rd period - Erik Haula wins face-off versus Brayden Schenn in ST. LOUIS Blues zone.
5:05 of 3rd period - Erik Haula is hit by Brayden Schenn.
5:15 of 3rd period - Shot by Marcus Johansson.
5:15 of 3rd period - Shot Misses the Net.
5:42 of 3rd period - Minor Penalty to Brayden Schenn for High sticking.
5:43 of 3rd period - Evgeny Kuznetsov wins face-off versus Jamie Benn in NEW YORK Rangers zone.
6:37 of 3rd period - Off-side.
6:38 of 3rd period - Roope Hintz wins face-off versus Vladislav Namestnikov in neutral zone.
6:58 of 3rd period - Off-side.
6:59 of 3rd period - Jamie Benn wins face-off versus Roope Hintz in neutral zone.
7:53 of 3rd period - Shot by Erik Karlsson.
7:53 of 3rd period - Stopped by Linus Ullmark without a rebound.
7:54 of 3rd period - Roope Hintz wins face-off versus Jamie Benn in NEW YORK Rangers zone.
8:11 of 3rd period - Shot by Jack Roslovic.
8:11 of 3rd period - Stopped by Linus Ullmark with a rebound.
8:33 of 3rd period - Jamie Benn is hit by Calle Jarnkrok and loses puck.
8:58 of 3rd period - Shot by Conor Garland.
8:58 of 3rd period - Stopped by Filip Gustavsson without a rebound.
8:59 of 3rd period - Evgeny Kuznetsov wins face-off versus Andrew Copp in ST. LOUIS Blues zone.
9:08 of 3rd period - Jonathan Marchessault is hit by Kasperi Kapanen and loses puck.
9:22 of 3rd period - Jonathan Marchessault is hit by Jacob Middleton and loses puck.
9:25 of 3rd period - Shot by Jonathan Marchessault.
9:25 of 3rd period - Stopped by Linus Ullmark without a rebound.
9:26 of 3rd period - Brayden Schenn wins face-off versus Erik Haula in NEW YORK Rangers zone.
9:26 of 3rd period - Tyler Myers is hit by Erik Haula and loses puck.
9:41 of 3rd period - Shot by Brandon Tanev.
9:41 of 3rd period - Shot Misses the Net.
9:48 of 3rd period - Conor Garland is hit by Colin Miller and loses puck.
9:57 of 3rd period - Tyler Myers is hit by Erik Haula and loses puck.
10:06 of 3rd period - Shot by Marcus Johansson.
10:06 of 3rd period - Shot Misses the Net.
10:50 of 3rd period - Icing by Jared Spurgeon.
10:51 of 3rd period - Jamie Benn wins face-off versus Roope Hintz in NEW YORK Rangers zone.
11:06 of 3rd period - Shot by Jared Spurgeon.
11:06 of 3rd period - Stopped by Filip Gustavsson with a rebound.
11:08 of 3rd period - Shot by Jamie Benn.
11:08 of 3rd period - Shot Misses the Net.
11:10 of 3rd period - Shot by Justin Faulk.
11:10 of 3rd period - Goal by Justin Faulk - ST. LOUIS Blues : 2 - NEW YORK Rangers : 4.
11:11 of 3rd period - Andrew Copp wins face-off versus Erik Haula in neutral zone.
11:19 of 3rd period - Off-side.
11:20 of 3rd period - Brayden Schenn wins face-off versus Evgeny Kuznetsov in neutral zone.
11:43 of 3rd period - Shot by Conor Garland.
11:43 of 3rd period - Shot Misses the Net.
12:47 of 3rd period - Shot by Roope Hintz.
12:47 of 3rd period - Stopped by Linus Ullmark without a rebound.
12:47 of 3rd period - Minor Penalty to Linus Ullmark for Delaying the game.
12:48 of 3rd period - Roope Hintz wins face-off versus Vladislav Namestnikov in NEW YORK Rangers zone.
13:12 of 3rd period - Shot by Jonathan Marchessault.
13:12 of 3rd period - Stopped by Linus Ullmark without a rebound.
13:13 of 3rd period - Brayden Schenn wins face-off versus Evgeny Kuznetsov in NEW YORK Rangers zone.
13:13 of 3rd period - Brayden Schenn is hit by Oliver Bjorkstrand.
13:37 of 3rd period - Shot by Gustav Forsling.
13:37 of 3rd period - Goal by Gustav Forsling - ST. LOUIS Blues : 3 - NEW YORK Rangers : 4.
13:38 of 3rd period - Erik Haula wins face-off versus Andrew Copp in neutral zone.
13:52 of 3rd period - Shot by Dante Fabbro.
13:52 of 3rd period - Shot Blocked by Colin Miller.
14:15 of 3rd period - Brandon Tanev is hit by Jacob Middleton and loses puck.
14:46 of 3rd period - Shot by Oliver Bjorkstrand.
14:46 of 3rd period - Stopped by Linus Ullmark without a rebound.
14:47 of 3rd period - Jamie Benn wins face-off versus Roope Hintz in NEW YORK Rangers zone.
15:07 of 3rd period - Shot by Chris Kreider.
15:07 of 3rd period - Stopped by Filip Gustavsson without a rebound.
15:08 of 3rd period - Brayden Schenn wins face-off versus Evgeny Kuznetsov in ST. LOUIS Blues zone.
15:29 of 3rd period - Shot by Jonathan Marchessault.
15:29 of 3rd period - Shot Misses the Net.
15:31 of 3rd period - Shot by Gustav Forsling.
15:31 of 3rd period - Shot Misses the Net.
16:13 of 3rd period - Shot by Chris Kreider.
16:13 of 3rd period - Shot Misses the Net.
17:16 of 3rd period - Shot by Marcus Johansson.
17:16 of 3rd period - Stopped by Linus Ullmark without a rebound.
17:17 of 3rd period - Evgeny Kuznetsov wins face-off versus Andrew Copp in NEW YORK Rangers zone.
17:39 of 3rd period - Shot by Andrew Copp.
17:39 of 3rd period - Stopped by Filip Gustavsson without a rebound.
17:40 of 3rd period - Brayden Schenn wins face-off versus Erik Haula in ST. LOUIS Blues zone.
17:51 of 3rd period - Cam Fowler is hit by Brandon Tanev and loses puck.
18:01 of 3rd period - Conor Garland is hit by Brandon Tanev and loses puck.
18:16 of 3rd period - Shot by Timo Meier.
18:16 of 3rd period - Deflect By Brayden Schenn.
18:16 of 3rd period - Shot Misses the Net.
18:28 of 3rd period - Tyler Myers is hit by Brandon Tanev and loses puck.
18:46 of 3rd period - Icing by Gustav Forsling.
18:47 of 3rd period - Roope Hintz wins face-off versus Jamie Benn in ST. LOUIS Blues zone.
18:47 of 3rd period - Roope Hintz is hit by Jamie Benn.
19:08 of 3rd period - Gustav Forsling is hit by Chris Kreider and loses puck.
19:12 of 3rd period - Off-side.
19:13 of 3rd period - Jamie Benn wins face-off versus Roope Hintz in neutral zone.
19:34 of 3rd period - ST. LOUIS Blues, Filip Gustavsson is pulled from the net.
19:44 of 3rd period - Shot by Erik Karlsson.
19:44 of 3rd period - Deflect By Roope Hintz.
19:44 of 3rd period - Stopped by Linus Ullmark without a rebound.
19:45 of 3rd period - Roope Hintz wins face-off versus Jamie Benn in NEW YORK Rangers zone.
19:52 of 3rd period - Shot by Oliver Bjorkstrand.
19:52 of 3rd period - Deflect By Jonathan Marchessault.
19:52 of 3rd period - Shot Misses the Net.
19:54 of 3rd period - Shot by Erik Karlsson.
19:54 of 3rd period - Shot Blocked by Justin Faulk.
19:56 of 3rd period - Shot by Gustav Forsling.
19:56 of 3rd period - Stopped by Linus Ullmark without a rebound.
19:57 of 3rd period - Roope Hintz wins face-off versus Jamie Benn in NEW YORK Rangers zone.
Goals for this period are 2 for ST. LOUIS Blues vs 2 for NEW YORK Rangers.
Shots for this period are 12 for ST. LOUIS Blues vs 8 for NEW YORK Rangers. Output by the SimonT Hockey Simulator (STHS) for Martin Benoit - Original Page W3C HTML5 Valid
Hockey Simulator - Hockey Simulation - Hockey Manager